 Dungeon Crawl Stone Soup version 0.31-a0-246-g8cbcc1cb85 (webtiles) character file.

Game seed: 18204905341496708138

42 qw the Shooter (level 3, -3/21 HPs)
             Began as a Gargoyle Hexslinger on July 12, 2023.
             Slain by Terence
             ... wielding a +0 falchion
              (4 damage)
             ... on level 2 of the Dungeon.
             The game lasted 00:00:21 (560 turns).

qw the Shooter (Gargoyle Hexslinger)                 Turns: 560, Time: 00:00:22

Health: -3/21      AC: 10    Str: 11    XL:     3   Next: 56%
Magic:  4/4        EV: 10    Int: 13    God:
Gold:   50         SH:  0    Dex: 14    Spells: 3/4 levels left

rFire   . . .        Y - +1 sling
rCold   . . .        (no shield)
rNeg    + . .        f - +2 ring mail {Will+}
rPois   inf          (no helmet)
rElec   +            (no cloak)
rCorr   .            (no gloves)
SInv    .            (no boots)
Will    +....        (no amulet)
Stlth   +            (no ring)
HPRegen 0.23/turn    (no ring)
MPRegen 0.09/turn

%: no passive effects
@: no status effects
A: sickness immunity, AC +3, negative energy resistance 1, electricity
resistance, torment resistance 1, petrification resistance
a: no special abilities


You were on level 2 of the Dungeon.
You visited 1 branch of the dungeon, and saw 2 of its levels.

You collected 50 gold pieces.


Innate Abilities, Weirdness & Mutations

You are immune to sickness and miasma.
Your stone body is resilient. (AC +3)
You are immune to poison.
You resist negative energy. (rN+)
You are resistant to electric shocks. (rElec)
You are resistant to unholy torment.
You are immune to petrification.


   Skills:
 - Level 2.0 Fighting
 + Level 3.5 Ranged Weapons
 - Level 1.5 Dodging
 - Level 1.0 Spellcasting
 - Level 2.6 Hexes


You had 3 spell levels left.
You knew the following spells:

 Your Spells              Type           Power      Damage    Failure   Level
a - Slow                  Hex            28%        N/A       22%         1

Your spell library contained the following spells:

 Spells                   Type           Power      Damage    Failure   Level
 Inner Flame              Hex/Fire       4%         N/A       75%         3
 Portal Projectile        Hex/Tloc       8%         N/A       75%         3
 Cause Fear               Hex            3%         N/A       92%         4

Inventory:

Hand Weapons
 Y - a +1 sling (weapon)
Armour
 f - a +2 ring mail of willpower (worn)
Jewellery
 a - a ring of flight
Scrolls
 b - a scroll of revelation {unknown}
Potions
 d - a potion of degeneration {unknown}
 e - a potion of might {unknown}
 g - 2 potions of mutation {unknown}
 h - a potion of curing {unknown}

Dungeon Overview and Level Annotations

Branches:
Dungeon (2/15)

Altars:

Shops:
D:1 [

Annotations:
D:2 Terence


Message History

Terence is lightly wounded.
Terence hits you but does no damage.
You shoot a sling bullet.
The sling bullet hits Terence but does no damage.
Terence is lightly wounded.
Terence hits you with a +0 falchion.
You shoot a sling bullet.
The sling bullet closely misses Terence.
Terence barely misses you. Terence hits you but does no damage.
You shoot a sling bullet.
The sling bullet closely misses Terence.
Terence hits you with a +0 falchion.
You shoot a sling bullet. The sling bullet hits Terence.
Terence is lightly wounded.
Terence hits you with a +0 falchion!
You shoot a sling bullet.
The sling bullet closely misses Terence.
Terence hits you but does no damage. x2
You shoot a sling bullet.
The sling bullet closely misses Terence.
Terence hits you with a +0 falchion.
You shoot a sling bullet. The sling bullet hits Terence.
Terence is moderately wounded.
Terence barely misses you.
You shoot a sling bullet.
The sling bullet hits Terence but does no damage.
Terence is moderately wounded.
Terence barely misses you. Terence hits you with a +0 falchion.
You shoot a sling bullet.
The sling bullet hits Terence but does no damage.
Terence is moderately wounded.
Terence barely misses you.
You shoot a sling bullet. The sling bullet hits Terence.
Terence is moderately wounded.
Terence hits you with a +0 falchion. Terence completely misses you.
You shoot a sling bullet.
The sling bullet hits Terence but does no damage.
Terence is moderately wounded.
Terence hits you with a +0 falchion.
You die...

.. ### ### #.. ... ..
# ##.###.#.. #. ...
..#. ###. #.##.# ...
#...##.#..###.# # #
..........##.#.##.#
#.8...8...8...@.....#
#...#...#...###@.....#
##.###.###.## ......#
#...#...#...# ....?.#
#.8...8...8.# ......#
##...#...#...# ......#
##...###.###.##
##.####
#...).#...#...# ..
#...8...8...8.#


You could see Terence.

Vanquished Creatures
  An adder (D:2)
  A dart slug (D:2)
  2 bats (D:1)
  2 endoplasms (D:1)
  3 goblins (D:1)
  3 hobgoblins
  A quokka (D:1)
  5 ball pythons
  2 frilled lizards (D:1)
  3 kobolds (D:1)
  7 rats
30 creatures vanquished.

Notes
Turn   | Place    | Note
-------+----------+-------------------------------------------
     0 | D:1      | qw the Gargoyle Hexslinger began the quest for the Orb.
     0 | D:1      | Reached XP level 1. HP: 12/12 MP: 2/2
     0 | D:1      | 0 ||| qw: Version: 0.3-a-52-g30416fa
     0 | D:1      | 0 ||| qw: Game counter: 6276
     0 | D:1      | 0 ||| qw: Melee chars always use a shield: true
     0 | D:1      | 0 ||| qw: God list: Okawaru
     0 | D:1      | 0 ||| qw: Allow faded altars: false
     0 | D:1      | 0 ||| qw: Do Orc after clearing Dungeon:15 true
     0 | D:1      | 0 ||| qw: Do second Lair branch before Depths: true
     0 | D:1      | 0 ||| qw: Lair rune preference: random
     0 | D:1      | 0 ||| qw: Goals: Normal
     0 | D:1      | 0 ||| PLANNING D:1-11
    67 | D:1      | Reached XP level 2. HP: 16/16 MP: 3/3
   171 | D:1      | Reached skill level 3 in Ranged Weapons
   216 | D:1      | Found Iruqij's Armour Shop.
   228 | D:1      | 228 ||| SHOPLISTING +0 pair of boots of flying (138 gold,
                  | have 27).
   228 | D:1      | 228 ||| SHOPLISTING +0 pair of gloves of stealth (138 gold,
                  | have 27).
   228 | D:1      | 228 ||| SHOPLISTING +1 pair of gloves of dexterity (198
                  | gold, have 27).
   258 | D:1      | Reached XP level 3. HP: 21/21 MP: 4/4
   379 | D:1      | 379 ||| UPGRADING to +2 ring mail of willpower.
   389 | D:1      | 389 ||| DROPPING +0 robe.
   390 | D:1      | 390 ||| READING scroll labelled CUC WEL IRE.
   391 | D:1      | 391 ||| DROPPING scroll of poison.
   544 | D:2      | Noticed Terence
   553 | D:2      | HP: 4/21 [Terence/+0 falchion (8)]
   557 | D:2      | HP: 1/21 [Terence/+0 falchion (3)]
   560 | D:2      | Slain by Terence

Levels and vault maps discovered:
D:1:      dpeg_arrival_orchard, layout_basic, serial_shops, shop
D:2:      layout_loops_cross, minmay_misc_feat_four_crosses, kennysheep_potato,
          uniq_terence

Skill      XL: |  1  2 |
---------------+-------+-----
Ranged Weapons | 3 |  3.5
Fighting       | 2 |  2.0
Dodging        | |  1.5
Spellcasting   | |  1.0
Hexes          | |  2.6

Action                     || total
---------------------------++-------
   Fire: Sling             ||    93
    Use: Scroll            ||     1
 Armour: Robe              ||     4
         Ring mail         ||    15
  Dodge: Dodged            ||    21

Table legend:
 A = Non-vault XP
 B = Vault XP
 C = Vault XP percentage of total XP
 D = Non-vault monster count
 E = Vault monster count
 F = Vault count percentage of total count
                 A         B        C        D         E       F
            +---------+---------+-------+---------+---------+-------
      Total |      61 |       0 |   0.0 |      30 |       0 |   0.0
            +---------+---------+-------+---------+---------+-------
        D:1 |      38 |       0 |   0.0 |      24 |       0 |   0.0
        D:2 |      23 |       0 |   0.0 |       6 |       0 |   0.0
            +---------+---------+-------+---------+---------+-------
